Unix NetHack Version 5.0.0-0 post-release - last build May 17 2026 04:57:42 (dc50c8380fa5e20985bfe3072449f57b8d9895ef,branch:main).

Game began 2026-05-21 04:54:37, ended 2026-05-21 19:58:00.

CyberFan, neutral female human Valkyrie

                                    -------              -----------
                       -----        |.....|         #### ....^......#
          -------      |...|        |......###########   |.).......|#
          |.....|      +....##%%    |.....|          ####..>.......|#
          |..<..|   ----....-.-##   |.---.-              |.........|#
          |.....|   |.........| ####|.| |.|              -------.---#
          --|----   |.........|  0 #..---.|                     #   #
            ##      |.........|     |.....|                  ####   #
             ###)   ----...----     |.....|                 ##      #
                )##    |...|        |.....| ##          #####       #
                 /#    |...|        --|----0######    ###           #
                 ###   --.--          ###### #  -.----.--------     #
                 #########                      |.............|     ##
              #### ####                         |/........./..|     #-----
           ---|-------+--                       |.............|    *#|.%.|
           |............|                   ####..........`...|    ##|@@.|
           |...........*|####################   ---------------  0##*@...|
           --------------                                           #-----

CyberFan the Woman-at-arms  St:18/10 Dx:13 Co:18 In:7 Wi:12 Ch:9  Neutral
Dlvl:10 $:3817 HP:0(95) Pw:27(27) AC:-8 Xp:10/7832 T:11800 

Latest messages:
 A dagger misses you.
 You see here a rock.
 There is a doorway here.
 You see here a dagger.
 You stop.  The priest of Odin doesn't want to swap places.
 j - a C-ration.
 Your knapsack cannot accommodate any more items.
 There are many more objects here.
 What do you want to drop? [$a-zA-Z or ?*]
 You drop a C-ration.
 j - a rotted pair of leather gloves.
 You stop.  The priest of Odin doesn't want to swap places.
 What do you want to drop? [$a-zA-Z or ?*]
 There is a black flash as a rotted pair of leather gloves hits the altar.
 j - a K-ration.
 There are many more objects here.
 Your knapsack cannot accommodate any more items.
 What do you want to drop? [$a-zA-Z or ?*]
 You drop a K-ration.
 What do you want to drop? [$a-ik-zA-Z or ?*]
 Never mind.
 You have much trouble lifting a soldier corpse.  Continue? [ynq] (q)
 You have much trouble lifting j - a soldier corpse.
 You stagger under your heavy load.  Movement is very hard.
 There is an altar to Odin (neutral) here.
 You see here a cursed rotted pair of leather gloves.
 #
 What do you want to sacrifice? [j or ?*]
 You'll regret this infamous offense!
 The altar is stained with human blood.
 The priest of Odin gets angry!
 You feel that Odin is displeased.
 Your movements are now unencumbered.
 The priest of Odin wields a mace!
 The mace welds itself to the priest of Odin's hand!
 The priest of Odin kicks!
 The priest of Odin casts a spell at you!
 You are frozen in place!
 The priest of Odin swings his mace.
 The priest of Odin hits!
 The priest of Odin kicks!
 The priest of Odin points at you, then curses.
 The priest of Odin swings his mace.
 The priest of Odin hits!
 The priest of Odin kicks!
 The priest of Odin casts a spell at you!
 The soldier picks up a dagger.
 The priest of Odin swings his mace.
 The priest of Odin hits!
 You die...

Inventory:
 Coins    ('$')
  $ - 3817 gold pieces
 Weapons  (')')
  p - the uncursed rustproof +0 Mjollnir (weapon in left hand)
 Armor    ('[')
  R - an uncursed +0 helm of brilliance (being worn)
  B - an uncursed +0 pair of elven boots (being worn)
  c - an uncursed very burnt +3 small shield (being worn)
  E - a blessed +1 elven cloak (being worn)
  H - a blessed greased +2 blue dragon scale mail (being worn)
 Comestibles  ('%')
  A - 4 uncursed jackfruits
 Scrolls  ('?')
  v - 2 uncursed scrolls of blank paper
  d - a blessed scroll of enchant armor
  u - an uncursed scroll of enchant armor
  Y - an uncursed scroll of enchant weapon
  q - a blessed scroll of fire
  N - an uncursed scroll of identify
  s - 2 uncursed scrolls of light
  o - an uncursed scroll of magic mapping
  Q - an uncursed scroll of stinking cloud
  x - an uncursed scroll of teleportation
  J - a cursed scroll of teleportation
 Potions  ('!')
  e - an uncursed potion of booze
  b - an uncursed potion of extra healing
  P - an uncursed potion of full healing
  l - a blessed potion of gain ability
  m - an uncursed potion of healing
  f - an uncursed potion of invisibility
  h - an uncursed potion of levitation
  w - an uncursed potion of object detection
  O - a cursed potion of see invisible
  X - 2 uncursed potions of sickness
  i - an uncursed potion of water
  r - a potion of unholy water
 Rings    ('=')
  z - a blessed +1 ring of gain constitution
  M - a cursed ring of poison resistance
  g - a blessed +0 ring of protection
  T - an uncursed ring of protection from shape changers
 Wands    ('/')
  W - an uncursed wand of create monster (0:10)
  k - an uncursed wand of create monster (0:4)
  V - an uncursed wand of light (0:14)
  n - an uncursed wand of lightning (0:2)
  y - an uncursed wand of magic missile (0:8)
  F - an uncursed wand of magic missile (0:0)
  I - an uncursed wand of magic missile (0:0)
  D - an uncursed wand of make invisible (0:6)
  U - an uncursed wand of make invisible (0:4)
  C - an uncursed wand of sleep (0:2)
  t - an uncursed wand of striking (0:0)
  K - an uncursed wand of striking (0:0)
  L - an uncursed wand of striking (0:0)
 Tools    ('(')
  S - a cursed lock pick
  G - a blessed oil lamp
  Z - an uncursed +0 pick-axe
  a - an uncursed +0 unicorn horn

CyberFan the Valkyrie's attributes:

Background:
 You were a Woman-at-arms, a level 10 human Valkyrie.
 You were neutral, on a mission for Odin
 who was opposed by Tyr (lawful) and Loki (chaotic).
 You were left-handed.
 You were in the Dungeons of Doom, on level 10.
 You entered the dungeon 11800 turns ago.
 You had 7832 experience points, 2168 more were needed to attain level 11.

Basics:
 You had 0 out of 95 hit points.
 You had all 27 energy points (spell power).
 Your armor class was -8.
 Your wallet contained 3817 zorkmids.
 Autopickup was on for '$%?!"=/*', with exceptions.

Final Characteristics:
 Your strength was 18/10 (limit:18/100).
 Your dexterity was 13 (limit:18).
 Your constitution was 18 (limit:18).
 Your intelligence was 7 (limit:18).
 Your wisdom was 12 (peak:13, limit:18).
 Your charisma was 9 (limit:18).

Final Status:
 You weren't hungry.
 You were unencumbered.
 You were wielding a hammer.
 You were skilled in hammer.

Final Attributes:
 You were piously aligned.
 You were cold resistant.
 You were shock resistant.
 Your items were protected from electric shocks.
 You were poison resistant.
 You were telepathic.
 You were stealthy.
 You were warded.
 You were very fast.
 You were unlucky.
 Odin was angry with you.
 You are dead.

Miscellaneous:
 You disabled loading and storing of bones levels.
 Total elapsed playing time was 2 hours, 16 minutes and 4 seconds.

Major events:
 Turn
    1: CyberFan the neutral human Valkyrie entered the dungeon
  555: entered the Gnomish Mines
  646: attained the rank of Skirmisher (level 3)
 2184: entered Sokoban
 2654: made her first wish - "blessed greased +2 blue dragon scale mail", got "a greased blue dragon scale mail"
 3318: attained the rank of Fighter (level 6)
 3427: reached Mine Town
 3817: was bestowed with Mjollnir by Odin
 5067: completed 1st Sokoban level
 5366: completed 2nd Sokoban level
 5914: completed 3rd Sokoban level
 9466: attained the rank of Woman-at-arms (level 10)
10183: entered Home 1, the Quest
10209: found Cleaver on the floor
11800: killed by a priest of Odin, while paralyzed by a monster

You didn't know any spells.

Skills:
 Fighting Skills
   bare handed combat [Unskilled]
   two weapon combat  [Unskilled]
   riding             [Unskilled]
 Weapon Skills
   dagger             [Basic]
   axe                [Unskilled]
   pick-axe           [Unskilled]
   short sword        [Unskilled]
   broadsword         [Unskilled]
   long sword         [Unskilled]
   two-handed sword   [Unskilled]
   saber              [Unskilled]
   hammer             [Skilled]
   quarterstaff       [Unskilled]
   polearms           [Unskilled]
   spear              [Expert]
   trident            [Unskilled]
   lance              [Unskilled]
   sling              [Unskilled]
 Spellcasting Skills
   attack spells      [Unskilled]
   escape spells      [Unskilled]

Voluntary challenges:
 Character rerolling was not enabled.
 You never genocided any monsters.
 You never polymorphed an object.
 You never changed form.
 You used 1 wish.
 You did not wish for any artifacts.
 You violated the special Sokoban rules 11 times.
Achievements:
 You entered the Gnomish Mines.
 You attained the rank of Skirmisher.
 You entered a shop.
 You entered Sokoban.
 You attained the rank of Fighter.
 You entered Minetown.
 You attained the rank of Woman-at-arms.
 You entered a temple.

 The Dungeons of Doom: levels 1 to 13
    Level 1:
    Level 2:
       A general store.
       Stairs down to The Gnomish Mines.
    Level 3:
       A fountain.
    Level 4:
       A sink.
    Level 5:
       Many fountains.
    Level 6:
       A fountain.
       Stairs up to Sokoban, level 5.
    Level 7:
       Some fountains.
    Level 8:
       A fountain.
    Level 9:
       A fountain.
    Level 10: <- You were here.
       A temple and an altar.
       Final resting place for
          you, killed by a priest of Odin, while paralyzed by a monster.
    Level 11:
       A fountain, a grave.
       Summoned by the Norn.
       Portal to The Quest.
    Level 12:
       A fountain.
    Level 13:
 The Gnomish Mines: levels 3 to 5
    Level 3:
    Level 4:
    Level 5:
       An altar to Odin, some fountains.
 The Quest:
    Level 1:
       A fountain.
       Home.
 Sokoban: levels 5 up to 2
    Level 2:
       Unsolved.
    Level 3:
       Solved.
    Level 4:
       Solved.
    Level 5:
       Solved.


Vanquished creatures:
  2 giant mimics
 an elven monarch
  a stalker
 an earth elemental
  a glass piercer
  a xan
  2 trolls
  a wood golem
  2 freezing spheres
  2 flaming spheres
  a gargoyle
  5 tengu
  3 leocrottas
  a human mummy
  a python
  a wraith
  2 soldiers
  2 amorous demons
  a chameleon
  3 giant beetles
  3 quivering blobs
  a cockatrice
  3 winter wolf cubs
  3 lynxes
  3 gremlins
  3 leprechauns
  3 orc-captains
 an iron piercer
  4 mumakil
  a scorpion
  2 horses
  2 vampire bats
  a forest centaur
  2 gnome rulers
  4 brown puddings
  2 owlbears
  a yeti
  a gold golem
  4 lizards
  a chickatrice
  a housecat
  a jaguar
  a dwarf leader
  5 blue jellies
  a white unicorn
  3 black unicorns
  a dust vortex
  a raven
  a plains centaur
  a gnome mummy
  2 snakes
  2 apes
  3 Woodland-elves
  8 fire ants
  5 bugbears
  a wood nymph
  a mountain nymph
  a Mordor orc
  4 Uruk-hai
  6 orc shamans
  7 rock piercers
  3 rock moles
  2 ponies
  4 fog clouds
  5 yellow lights
  a shrieker
  3 violet fungi
  7 gnome leaders
  2 kobold mummies
  a red naga hatchling
  2 gray oozes
  2 elf zombies
  2 straw golems
  a paper golem
 12 giant ants
  a little dog
  6 floating eyes
  4 kittens
  6 dwarves
  a homunculus
  a kobold leader
  2 kobold shamans
 18 hill orcs
  2 rothes
  a rabid rat
  4 centipedes
  3 giant bats
  a monkey
  3 orc zombies
  a wererat
  a werejackal
  5 iguanas
  a killer bee
  3 acid blobs
  a coyote
  3 gas spores
  4 hobbits
  4 manes
  2 large kobolds
  4 hobgoblins
  4 giant rats
  a cave spider
  a brown mold
  a yellow mold
  2 green molds
 18 gnomes
  a gnome zombie
  4 geckos
  9 jackals
  a fox
  a kobold
  8 goblins
  4 sewer rats
 11 grid bugs
  6 bats
  8 lichens
  4 kobold zombies
  8 newts
356 creatures vanquished.

No species were genocided or became extinct.

Game over:
                       ----------
                      /          \
                     /    REST    \
                    /      IN      \
                   /     PEACE      \
                  /                  \
                  |     CyberFan     |
                  |     3817 Au      |
                  |   killed by a    |
                  |  priest of Odin  |
                  |                  |
                  |                  |
                  |       2026       |
                 *|     *  *  *      | *
        _________)/\\_//(\/(/\)/\//\/|_)_______

Farvel CyberFan the Valkyrie...

You died in The Dungeons of Doom on dungeon level 10 with 32898 points,
and 3817 pieces of gold, after 11800 moves.
You were level 10 with a maximum of 95 hit points when you died.

